 Dungeon Crawl Stone Soup version 0.31-a0-185-g9dded2c639 (webtiles) character file.

Game seed: 10025236888004735237

4029 qw the Skirmisher (level 10, -6/58 (60) HPs)
             Began as a Deep Elf Hunter on June 22, 2023.
             Was an Initiate of Okawaru.
             Mangled by a wight
             ... wielding a +3 scimitar
              (9 damage)
             ... on level 10 of the Dungeon.
             The game lasted 00:03:06 (5999 turns).

qw the Skirmisher (Deep Elf Hunter)                 Turns: 5999, Time: 00:03:07

HP:   -6/58 (60)    AC:  7    Str: 18    XL:     10   Next: 4%
MP:   13/13         EV: 17    Int: 15    God:    Okawaru [......]
Gold: 206           SH:  0    Dex: 18    Spells: 9/9 levels left

rFire   . . .        Y - +0 shortbow (drain)
rCold   . . .        (shield currently unavailable)
rNeg    . . .        c - +0 troll leather armour {Pargi}
rPois   .            (no helmet)
rElec   .            (no cloak)
rCorr   .            f - +2 pair of gloves
SInv    .            (no boots)
Will    +....        k - amulet of the acrobat
Stlth   ++           j - +6 ring of strength
HPRegen 1.09/turn    (no ring)
MPRegen 0.13/turn

%: acrobat
@: lightly drained
A: no striking features
a: Renounce Religion


You were on level 10 of the Dungeon.
You worshipped Okawaru.
Okawaru was noncommittal.
You visited 2 branches of the dungeon, and saw 10 of its levels.
You also visited: Ossuary.

You collected 362 gold pieces.
You spent 156 gold pieces at shops.


   Skills:
 + Level 5.9 Fighting
 - Level 14.0 Ranged Weapons
 - Level 1.2 Armour
 - Level 9.0 Dodging
 - Level 1.2 Stealth
 - Level 2.3 Invocations


You had 9 spell levels left.
You didn't know any spells.
Your spell library was empty.

Inventory:

Hand Weapons
 Y - a +0 shortbow of draining (weapon)
Armour
 c - a +0 troll leather armour (worn) {Pargi}
 f - a +2 pair of gloves (worn)
 h - a +1 leather armour of fire resistance
Jewellery
 j - a +6 ring of strength (left hand)
 k - an amulet of the acrobat (around neck)
Scrolls
 g - 6 scrolls of identify
 m - a scroll of enchant armour
Potions
 a - a potion of might
 b - a potion of resistance
 d - 4 potions of enlightenment
 n - 4 potions of curing

Dungeon Overview and Level Annotations

Branches:
Dungeon (10/15)            Temple (1/1) D:6         Ossuary (visited)
   Lair: D:8-11         Orc: D:9-12

Altars:
Ashenzari
Cheibriados
Dithmenos
Elyvilon
Fedhas
Gozag
Hepliaklqana
Kikubaaqudgha
Makhleb
Nemelex Xobeh
Okawaru
Qazlal
Ru
Sif Muna
Trog
Uskayaw
Vehumet
Wu Jian
Xom
Yredelemnul
Zin
The Shining One

Shops:
D:5 !   D:10 [

Annotations:
D:5 1 runed translucent door, Crazy Yiuf
D:7 2 transporters, qw's ghost, novice NaHu


Message History

The wyvern bites you!
You shoot an arrow. The arrow hits the wyvern.
You drain the wyvern.
The wyvern is severely wounded.
The wyvern closely misses you.
You shoot an arrow.
The arrow hits the wyvern but does no damage.
You drain the wyvern.
The wyvern is severely wounded.
The howler monkey howls! x2; You hear an angry buzzing noise.
You hear a shout! x3
You hear a bellow!
A killer bee comes into view. x2
The howler monkey hoots and howls with incredible vigour!
The wyvern misses you.
You hear a shout! x2
You shoot an arrow. The arrow closely misses the wyvern.
The arrow closely misses the wight. x2
The howler monkey howls!
The killer bee buzzes angrily.
The killer bee closely misses you. The wight closely misses you.
An orc comes into view. It is wielding a +0 club.
The wyvern bites you.
A killer bee comes into view.
The killer bee completely misses you.
You shoot an arrow. The orc shouts!
The killer bee buzzes angrily.
The arrow hits the wyvern.
The wyvern is almost dead.
You hear a bellow! x2
The killer bee misses you.
The wyvern bites you but does no damage.
The wight hits you from afar with a +0 halberd!
You feel drained.
An orc wizard comes into view. It is wielding a +0 dagger.
A yak comes into view. x2
You shoot an arrow. The arrow barely misses the wyvern.
The arrow closely misses the wight.
The yak bellows!
You hear a shout!
The killer bee closely misses you. The wyvern closely misses you.
The wight hits you with a +3 scimitar!
You die...

........ $.
#....#.. .o
##..#.#.. #.
......#)# .
#.......#.#
#.......#.#
#.......z.##...
......y@lz.....
#.....#........
..... y.$##$...
.... .y#.# ..#
... .h. .. # .#
.y.. ... .....


h.Y #....Y o... You could see 2 yaks, a wyvern (very drained), 2 howler monkeys,
4 killer bees, 2 wights, an orc wizard and an orc.

Vanquished Creatures
  A two-headed ogre (D:5)
  A steam dragon (D:8)
  2 wargs (D:10)
  A sky beast (D:7)
  Pargi (D:3)
  3 ice beasts (D:6)
  2 orc warriors
  A black bear (D:7)
  2 ogres
  2 centaurs
  A kobold brigand (D:7)
  Blork the orc (D:5)
  6 elf zombies (Ossuary)
  3 bullfrogs
  A gnoll sergeant (D:7)
  3 scorpions
  3 wights (D:7)
  2 howler monkeys (D:7)
  3 centaur zombies (Ossuary)
  3 human zombies (Ossuary)
  A hound (D:6)
  A jelly (D:4)
  A gnoll bouda (D:6)
  An orc priest (D:3)
  3 iguanas
  Ijyb (D:5)
  2 orc wizards
  3 mummies (Ossuary)
  17 gnolls
  4 adders
  3 white imps
  2 ufetubi (D:5)
  15 orcs
  5 endoplasms
  14 goblins
  5 hobgoblins
  6 jackals
  4 quokkas
  5 ball pythons
  8 bats
  7 frilled lizards
  10 kobolds
  7 rats
167 creatures vanquished.

Vanquished Creatures (others)
  A human (D:7)
1 creature vanquished.

Grand Total: 168 creatures vanquished

Notes
Turn   | Place    | Note
-------+----------+-------------------------------------------
     0 | D:1      | qw the Deep Elf Hunter began the quest for the Orb.
     0 | D:1      | Reached XP level 1. HP: 12/12 MP: 3/3
     0 | D:1      | 0 ||| qw: Version: 0.3-a-9-g12657ce
     0 | D:1      | 0 ||| qw: Game counter: 1805
     0 | D:1      | 0 ||| qw: Always use a shield: true
     0 | D:1      | 0 ||| qw: God list: Okawaru
     0 | D:1      | 0 ||| qw: Allow faded altars: false
     0 | D:1      | 0 ||| qw: Do Orc after D:15 true
     0 | D:1      | 0 ||| qw: Do second Lair branch before Depths: true
     0 | D:1      | 0 ||| qw: Lair rune preference: random
     0 | D:1      | 0 ||| qw: Plans: Normal
     0 | D:1      | 0 ||| PLANNING D:1-11
    62 | D:1      | Reached XP level 2. HP: 8/16 MP: 4/4
   110 | D:1      | Reached skill level 6 in Ranged Weapons
   513 | D:1      | Reached XP level 3. HP: 18/20 MP: 5/5
   840 | D:1      | 840 ||| UPGRADING to +2 pair of gloves.
   845 | D:1      | 845 ||| READING scroll labelled UTYOSE QOFUHO.
   850 | D:1      | 850 ||| READING scroll labelled BAUKIPN RURHISCHU.
   851 | D:1      | 851 ||| DROPPING scroll of butterflies.
  1009 | D:2      | Reached skill level 7 in Ranged Weapons
  1262 | D:2      | 1262 ||| UPGRADING to +0 scale mail.
  1272 | D:2      | 1272 ||| DROPPING +0 leather armour.
  1273 | D:2      | 1273 ||| UPGRADING to +0 ring mail.
  1283 | D:2      | 1283 ||| DROPPING +0 scale mail.
  1284 | D:2      | 1284 ||| READING scroll labelled VUSEDEI BIPP.
  1285 | D:2      | 1285 ||| READING scroll labelled KOWKYV MEMYXAUN.
  1286 | D:2      | 1286 ||| DRINKING 2 metallic puce potions.
  1310 | D:2      | 1310 ||| DROPPING potion of lignification.
  1588 | D:3      | Reached XP level 4. HP: 25/25 MP: 6/6
  1597 | D:3      | Noticed Pargi
  1604 | D:3      | Killed Pargi
  1605 | D:3      | Reached skill level 8 in Ranged Weapons
  1605 | D:3      | Reached XP level 5. HP: 29/29 MP: 7/7
  1974 | D:3      | 1974 ||| UPGRADING to +0 troll leather armour {Pargi}.
  1984 | D:3      | 1984 ||| DROPPING +0 ring mail.
  1985 | D:3      | 1985 ||| READING scroll labelled YGAUQI BEUDIE.
  1986 | D:3      | 1986 ||| READING scroll labelled LIKOER ROSEJ.
  2013 | D:4      | 2013 ||| STAIRDANCE
  2030 | D:4      | 2030 ||| STAIRDANCE
  2033 | D:3      | Reached skill level 9 in Ranged Weapons
  2039 | D:3      | Reached skill level 3 in Dodging
  2195 | D:4      | Reached XP level 6. HP: 35/35 MP: 8/8
  2568 | D:4      | 2568 ||| READING scroll labelled DUPLOS LIUB.
  2569 | D:4      | 2569 ||| READING 6 scrolls of identify.
  2569 | D:4      | 2569 ||| IDENTIFYING fizzy grey potion
  2570 | D:4      | 2570 ||| READING 5 scrolls of identify.
  2570 | D:4      | 2570 ||| IDENTIFYING lumpy purple potion
  2571 | D:4      | 2571 ||| READING 4 scrolls of identify.
  2571 | D:4      | 2571 ||| IDENTIFYING bubbling dark potion
  2572 | D:4      | 2572 ||| READING 3 scrolls of identify.
  2572 | D:4      | 2572 ||| IDENTIFYING clear potion
  2573 | D:4      | 2573 ||| READING 2 scrolls of identify.
  2573 | D:4      | 2573 ||| IDENTIFYING smoky blue potion
  2574 | D:4      | 2574 ||| DROPPING potion of magic.
  2575 | D:4      | 2575 ||| DROPPING potion of berserk rage.
  2609 | D:5      | Entered Level 5 of the Dungeon
  2643 | D:5      | Reached skill level 10 in Ranged Weapons
  2740 | D:5      | Reached XP level 7. HP: 40/40 MP: 9/9
  2906 | D:5      | Found a white marble altar of Elyvilon.
  3068 | D:5      | Found Pawaaff Nerph's Distillery.
  3074 | D:5      | 3074 ||| BUYING potion of curing (36 gold).
  3074 | D:5      | Bought a potion of curing for 36 gold pieces
  3074 | D:5      | 3074 ||| BUYING potion of enlightenment (60 gold).
  3074 | D:5      | Bought a potion of enlightenment for 60 gold pieces
  3074 | D:5      | 3074 ||| BUYING potion of heal wounds (60 gold).
  3074 | D:5      | Bought a potion of heal wounds for 60 gold pieces
  3074 | D:5      | 3074 ||| SHOPLISTING potion of might (48 gold, have 40).
  3074 | D:5      | 3074 ||| SHOPLISTING potion of resistance (120 gold, have
                  | 40).
  3081 | D:5      | Noticed Ijyb
  3088 | D:5      | Killed Ijyb
  3271 | D:5      | Reached skill level 11 in Ranged Weapons
  3312 | D:5      | Noticed Blork the orc
  3314 | D:5      | 3314 ||| FLEEEEING.
  3324 | D:5      | Killed Blork the orc
  3348 | D:5      | Found a runed translucent door.
  3349 | D:5      | Noticed Crazy Yiuf
  3352 | D:5      | 3352 ||| READING 3 scrolls of identify.
  3352 | D:5      | 3352 ||| IDENTIFYING silvery potion
  3353 | D:5      | 3353 ||| READING 2 scrolls of identify.
  3353 | D:5      | 3353 ||| IDENTIFYING lumpy puce potion
  3354 | D:5      | 3354 ||| DROPPING potion of brilliance.
  3355 | D:5      | 3355 ||| DROPPING potion of degeneration.
  3386 | D:6      | Noticed a two-headed ogre
  3386 | D:6      | Found a sand-covered staircase.
  3387 | D:6      | 3387 ||| PLANNING OSSUARY
  3387 | D:6      | 3387 ||| STAIRDANCE
  3449 | D:6      | 3449 ||| STAIRDANCE
  3511 | D:6      | 3511 ||| STAIRDANCE
  3516 | D:5      | HP: 9/40 [two-headed ogre/+0 giant spiked club (22)]
  3517 | D:5      | 3517 ||| READING 3 scrolls of teleportation.
  3517 | D:5      | HP: 3/40 [two-headed ogre/+0 giant spiked club (7)]
  3518 | D:5      | 3518 ||| DRINKING 2 potions of heal wounds.
  3604 | D:5      | Killed a two-headed ogre
  3605 | D:5      | Reached skill level 13 in Ranged Weapons
  3605 | D:5      | Reached XP level 8. HP: 44/44 MP: 10/10
  3668 | D:6      | 3668 ||| STAIRDANCE
  3748 | Ossuary  | Entered an ossuary
  3788 | Ossuary  | Reached skill level 3 in Fighting
  3798 | Ossuary  | Reached skill level 1 in Armour
  3922 | Ossuary  | Reached skill level 14 in Ranged Weapons
  3978 | Ossuary  | Reached XP level 9. HP: 48/50 MP: 11/11
  3991 | Ossuary  | Reached skill level 6 in Dodging
  3996 | Ossuary  | 3996 ||| READING 2 scrolls labelled TUOSOU WAUTEGA.
  3997 | Ossuary  | 3997 ||| READING scroll labelled IPOORPH KAKERUA.
  3998 | Ossuary  | 3998 ||| DROPPING scroll of amnesia.
  4008 | D:6      | 4008 ||| PLANNING D:1-11
  4271 | D:6      | Found a staircase to the Ecumenical Temple.
  4272 | D:6      | 4272 ||| PLANNING TEMPLE
  4272 | D:6      | 4272 ||| UPGRADING to +6 ring of strength.
  4273 | D:6      | 4273 ||| READING scroll labelled NEUTTADDISIPN.
  4282 | Temple   | Entered the Ecumenical Temple
  4396 | Temple   | 4396 ||| PLANNING OKAWARU WORSHIP
  4473 | Temple   | Became a worshipper of Warmaster Okawaru
  4474 | Temple   | 4474 ||| PLANNING D:1-11
  4730 | D:6      | 4730 ||| DROPPING amulet of magic regeneration.
  4731 | D:6      | 4731 ||| READING scroll labelled UGHETR ZUFEY.
  4901 | D:7      | 4901 ||| Stepping ~*~*~tactically~*~*~ (outnumbered).
  5087 | D:7      | Found a transporter.
  5089 | D:7      | Found a transporter.
  5119 | D:7      | Noticed a moth of wrath
  5203 | D:7      | HP: 10/53 [orc warrior/+0 battleaxe (8)]
  5204 | D:7      | 5204 ||| READING 3 scrolls of teleportation.
  5205 | D:7      | 5205 ||| DRINKING 3 potions of heal wounds.
  5238 | D:7      | 5238 ||| Stepping ~*~*~tactically~*~*~ (outnumbered).
  5240 | D:7      | 5240 ||| Stepping ~*~*~tactically~*~*~ (outnumbered).
  5242 | D:7      | 5242 ||| Stepping ~*~*~tactically~*~*~ (outnumbered).
  5244 | D:7      | 5244 ||| Stepping ~*~*~tactically~*~*~ (outnumbered).
  5250 | D:7      | Found a flagged portal.
  5265 | D:7      | Reached * piety under Okawaru
  5271 | D:7      | Found an ancient bone altar of Kikubaaqudgha.
  5363 | D:7      | Found a bloodstained altar of Trog.
  5368 | D:7      | Noticed qw's ghost (novice NaHu)
  5382 | D:7      | Reached skill level 1 in Invocations
  5413 | D:7      | 5413 ||| Stepping ~*~*~tactically~*~*~ (outnumbered).
  5427 | D:7      | 5427 ||| INVOKING Heroism.
  5442 | D:7      | Reached skill level 9 in Dodging
  5849 | D:7      | 5849 ||| UPGRADING to amulet of the acrobat.
  5860 | D:8      | 5860 ||| INVOKING Heroism.
  5879 | D:8      | You fall into a shaft and drop 2 floors!
  5879 | D:10     | Entered Level 10 of the Dungeon
  5896 | D:10     | Found Taery's Armour Boutique.
  5897 | D:10     | 5897 ||| INVOKING Heroism.
  5904 | D:10     | 5904 ||| Stepping ~*~*~tactically~*~*~ (outnumbered).
  5916 | D:10     | HP: 10/54 [orc warrior/+0 flail (9)]
  5917 | D:10     | 5917 ||| READING 2 scrolls of teleportation.
  5918 | D:10     | 5918 ||| DRINKING 2 potions of heal wounds.
  5919 | D:10     | 5919 ||| INVOKING Heroism.
  5973 | D:10     | Reached XP level 10. HP: 40/60 MP: 13/13
  5973 | D:10     | 5973 ||| INVOKING Heroism.
  5986 | D:10     | HP: 14/60 [orc warrior/+0 mace (4)]
  5987 | D:10     | 5987 ||| READING scroll of teleportation.
  5988 | D:10     | 5988 ||| DRINKING potion of heal wounds.
  5998 | D:10     | HP: 6/60 [wight/+0 halberd (11)]
  5998 | D:10     | HP: 2/58 [wight/+0 halberd (4)]
  5999 | D:10     | Mangled by a wight

Levels and vault maps discovered:
D:1:      amcnicky_arrival_wind_blow, layout_basic
D:2:      layout_rooms, minmay_stone_trees_small
D:3:      layout_basic, uniq_pargi
D:4:      layout_loops_ring
D:5:      layout_cave_pods, lemuel_round_altar, serial_shops,
          kennysheep_little_box, st_stairs_6, uniq_blork_the_orc, uniq_ijyb,
          uniq_crazy_yiuf_cottage
D:6:      layout_rooms, temple_hall, serial_corexii_hall,
          corexii_hall_statues_i, corexii_hall_statues_s,
          nicolae_ossuary_entry_ruins
D:7:      nicolae_cairo_tiling_large, layout_basic, tgw_kikubaaqudgha,
          gammafunk_ghost_wrathful_warriors, enter_bailey_5
D:8:      layout_basic, serial_shops, shop
D:10:     layout_rooms, orc_david_3, nooodl_orcs_dogs, uniq_snorg
Temple:   nicolae_temple_slightly_damp_pantheon

Skill      XL: |  1  2  3  4  5  6  7  8  9 |
---------------+----------------------------+-----
Ranged Weapons | 6 7 8 9 10 13 14 | 14.0
Dodging        | 3 4 5 9 |  9.0
Fighting       | 2 3 5 |  5.9
Armour         | 1 |  1.2
Invocations    | 2 |  2.3
Stealth        | |  1.2

Action                     |  1- 3 |  4- 6 |  7- 9 | 10-12 || total
---------------------------+-------+-------+-------+-------++-------
   Fire: Shortbow          |   128 |    95 |   534 |    24 ||   781
 Invoke: Heroism           |       |       |     4 |     1 ||     5
    Use: Scroll            |     4 |     8 |     9 |     1 ||    22
         Potion            |     1 |       |     3 |     1 ||     5
 Armour: Leather armour    |    22 |       |       |       ||    22
         Ring mail         |     2 |    12 |       |       ||    14
         Troll leather arm |       |    11 |    49 |     2 ||    62
  Dodge: Dodged            |    31 |    16 |   168 |    24 ||   239

Table legend:
 A = Non-vault XP
 B = Vault XP
 C = Vault XP percentage of total XP
 D = Non-vault monster count
 E = Vault monster count
 F = Vault count percentage of total count
                 A         B        C        D         E       F
            +---------+---------+-------+---------+---------+-------
      Total |    4100 |    1657 |  28.8 |     140 |      27 |  16.2
            +---------+---------+-------+---------+---------+-------
        D:1 |      46 |       0 |   0.0 |      24 |       0 |   0.0
        D:2 |      29 |       0 |   0.0 |      17 |       0 |   0.0
        D:3 |     127 |     138 |  52.1 |      20 |       1 |   4.8
        D:4 |     198 |       0 |   0.0 |      14 |       0 |   0.0
        D:5 |    1312 |     162 |  11.0 |      16 |       3 |  15.8
        D:6 |     797 |       0 |   0.0 |      16 |       0 |   0.0
        D:7 |    1294 |       8 |   0.6 |      31 |       4 |  11.4
        D:8 |     187 |       0 |   0.0 |       1 |       0 |   0.0
       D:10 |     110 |     454 |  80.5 |       1 |       4 |  80.0
    Ossuary |       0 |     895 | 100.0 |       0 |      15 | 100.0
            +---------+---------+-------+---------+---------+-------
